Map: Frozen Temple

Players

Gracz - Winner!

  • Race: Zerg Zerg
  • League: Silver

Skakiller

  • Race: Zerg Zerg
  • League: Bronze

VOD

Have the link to the VOD?

Description

Time

  • Played on: Oct. 18, 2016, 1:09 p.m.
  • Length: 4:21
Show
View Real Time Build Order
Export as new Build Order

Gracz Zerg - Winner!

Build Orders: Pool First 

Get SALT Encoding   

  12  0:01  Drone  
  13  0:15  Overlord  
  13  0:20  Drone  
  14  0:34  Drone x2  
  16  0:50  Spawning Pool  
  16  0:54  Extractor, Drone x2  
  16  1:17  Hatchery  
  15  1:22  Drone  
  15  1:23  Drone  
  17  1:31  Drone  
  18  1:43  Drone  
  18  1:46  Extractor, Drone  
  19  1:51  Queen  
  21  1:59  Drone  
  22  2:16  Overlord  
  22  2:20  Overlord  
  22  2:27  Pneumatized Carapace  
  22  2:28  Metabolic Boost  
  22  2:36  Drone  
  23  2:38  Queen  
  25  3:02  Zergling x12  
  31  3:06  Zergling x2  
  32  3:31  Zergling x8  
  36  3:36  Overlord x2  
  36  3:49  Roach Warren  
Show
View Real Time Build Order
Export as new Build Order

Skakiller Zerg 

Build Orders: Pool First 

Get SALT Encoding   

  12  0:04  Drone  
  13  0:12  Drone  
  14  0:31  Spawning Pool  
  14  0:35  Overlord  
  13  0:50  Extractor  
  13  0:53  Drone x3  
  15  1:14  Extractor  
  14  1:22  Queen  
  14  1:24  Drone x2  
  18  1:48  Drone x2  
  18  1:49  Drone  
  21  1:57  Hatchery  
  20  2:18  Spore Crawler  
  19  2:24  Spore Crawler  
  19  2:26  Drone x3  
  21  2:33  Metabolic Boost  
  21  2:43  Zergling x2  
  22  2:45  Overlord  
  22  3:07  Zergling x2  
  22  3:08  Zergling x4  
  25  3:16  Drone  
  26  3:45  Zergling x6  
  29  3:50  Drone x3  
  32  4:03  Zergling x6  
Tags
 
Add a new tag
Caveats
  • Supply blocks, unpowered buildings, or Contaminate may cause inaccurate times.
  • Supply counts are checked every 10 seconds.